 Dungeon Crawl Stone Soup version 0.29.1-1-gd02db6906a (webtiles) character file.

Game seed: 12120844344762882327

21 GigaChad the Trooper (level 2, 0/27 HPs)
             Began as a Minotaur Fighter on Oct 4, 2022.
             Was a Follower of Makhleb.
             Slain by a gnoll
             ... wielding a +0 spear
              (4 damage)
             ... on level 2 of the Dungeon.
             The game lasted 00:01:28 (570 turns).

GigaChad the Trooper (Minotaur Fighter)              Turns: 570, Time: 00:01:28

Health: 0/27       AC:  7    Str: 20    XL:     2   Next: 62%
Magic:  1/1        EV:  9    Int:  5    God:    Makhleb [*.....]
Gold:   41         SH:  4    Dex:  9    Spells: 1/1 levels left

rFire   . . .      SeeInvis .   a - +0 long sword
rCold   . . .      Faith    .   c - +0 buckler
rNeg    . . .      Spirit   .   b - +0 scale mail
rPois   .          Reflect  .   (helmet restricted)
rElec   .          Harm     .   (no cloak)
rCorr   .          Rampage  .   (no gloves)
Will    .....                   (no boots)
Stlth   ..........              (no amulet)
HPRegen 0.09/turn               (no ring)
MPRegen 0.07/turn               (no ring)

@: no status effects
A: horns 2, retaliatory headbutt
a: Renounce Religion


You were on level 2 of the Dungeon.
You worshipped Makhleb.
Makhleb was aware of your devotion.
You visited 1 branch of the dungeon, and saw 2 of its levels.

You collected 41 gold pieces.

Inventory:

Hand Weapons
 a - a +0 long sword (weapon)
Armour
 b - a +0 scale mail (worn)
 c - a +0 buckler (worn)
Jewellery
 i - a ring of wizardry
Potions
 d - a potion of might
 e - a potion of flight {unknown}
 g - a potion of brilliance {unknown}
 j - a potion of curing {unknown}
 k - a potion of invisibility {unknown}


   Skills:
 + Level 4.2 Fighting
 + Level 2.6 Long Blades
 + Level 3.8 Armour
 + Level 4.0 Shields


You had one spell level left.
You didn't know any spells.
Your spell library was empty.

Dungeon Overview and Level Annotations

Branches:
Dungeon (2/15)

Altars:
Makhleb


Innate Abilities, Weirdness & Mutations

You have a pair of horns on your head.
You reflexively headbutt those who attack you in melee.


Message History

Makhleb accepts your kill.
You feel better. The kobold hits you but does no damage.
You hit the rat.
You kill the rat!
Makhleb accepts your kill. The kobold hits you but does no damage.
Your Shields skill increases to level 4!
You block the kobold's attack.
Things that are here:
a quokka corpse; a rat corpse You slash the kobold!
You kill the kobold!
Makhleb accepts your kill. You block the worm's attack.
Items here: ( )) †††.
You slash the worm!
The worm is heavily wounded.
The worm bites you.
You hit the worm. Your headbutt misses the worm.
The worm is severely wounded.
You slash the worm!
You kill the worm!
Makhleb accepts your kill.
A gnoll comes into view. It is wielding a +0 spear.
The gnoll shouts!
You hear a shout!
You see here a worm corpse.
A gnoll comes into view. It is wielding a +0 flail.
A gnoll comes into view. It is wielding a +0 spear.
The gnoll shouts!
The gnoll attacks as you move away! The gnoll hits you with a +0 flail.
Items here: ( )) †††.
Things that are here:
a quokka corpse; a rat corpse The gnoll hits you with a +0 flail.
* * * LOW HITPOINT WARNING * * *
You hit the gnoll.
The gnoll is heavily wounded.
You block the gnoll's attack.
The gnoll hits you from afar with a +0 spear.
You die...

# .# ## #.#
#####. ###..#
......##@..#
#...†g###
###.#g)###
#......).#
#.#g#..#.####
#...........#
#....#.#.#..#.#
................
...#.#..#.#.#..#.


You could see 3 gnolls.

Vanquished Creatures
  A worm (D:2)
  A bat (D:2)
  An endoplasm (D:1)
  2 giant cockroaches
  2 goblins (D:1)
  A quokka (D:2)
  2 frilled lizards (D:1)
  3 kobolds (D:2)
  4 rats
17 creatures vanquished.

Notes
Turn   | Place    | Note
-------+----------+-------------------------------------------
     0 | D:1      | GigaChad the Minotaur Fighter began the quest for the Orb.
     0 | D:1      | Reached XP level 1. HP: 19/19 MP: 0/0
   330 | D:1      | Found a faded altar of an unknown god.
   350 | D:1      | Prayed at the altar of an unknown god.
   350 | D:1      | Became a worshipper of Makhleb the Destroyer
   350 | D:1      | Reached * piety under Makhleb
   366 | D:1      | Reached XP level 2. HP: 27/27 MP: 1/1
   570 | D:2      | Slain by a gnoll

Illustrated notes

Levels and vault maps discovered:
D:1:      sevenhm_arrival_forest_fort_small_6, layout_rooms,
          ebering_ecumenical_altar_sacrificial
D:2:      layout_basic, basic_altar, minivault_23, chequers_arboretum,
          hangedman_decor_points, glass_columns_c

Skill      XL: |  1  2 |
---------------+-------+-----
Fighting       | 4 |  4.2
Shields        | 4 |  4.0
Long Blades    | |  2.6
Armour         | |  3.8

Action                   || total
-------------------------++-------
Melee: Long sword        ||    29
       Headbutt          ||     2
  Use: Scroll            ||     2
Armor: Scale mail        ||    19
Dodge: Dodged            ||    22
Block: Buckler           ||    14
